 Dungeon Crawl Stone Soup version 0.23-a0-143-g1adec7b (webtiles) character file.

415907 Gorice the Executioner (level 23, -1/223 HPs)
             Began as a Hill Orc Berserker on Sept 1, 2018.
             Was the Champion of Trog.
             Slain by an ancient lich (5 damage)
             ... on level 3 of the Crypt on Sept 2, 2018.
             The game lasted 04:48:50 (56794 turns).

Gorice the Executioner (Hill Orc Berserker)        Turns: 56794, Time: 04:48:52

Health: -1/223     AC: 37    Str: 25    XL:     23   Next: 60%
Magic:  0/11       EV: 15    Int:  7    God:    Trog [******]
Gold:   1681       SH:  0    Dex: 23    Spells: 22/22 levels left

rFire    + . .     SeeInvis +   b - +7 battleaxe (antimagic)
rCold    + + .     Gourm    .   (shield currently unavailable)
rNeg     . . .     Faith    .   d - +4 plate armour {MR+}
rPois    +         Spirit   +   D - +0 helmet of Duk Irih {rElec Dex+7 Stlth-}
rElec    +         Reflect  .   O - +1 cloak "Xexzuu" {rC++}
rCorr    .         Harm     .   g - +1 pair of gloves {Dex+3}
MR       +++++                  J - +1 pair of boots {Stlth+}
Stlth    ..........             V - amulet of guardian spirit
HPRegen  0.47/turn              m - ring "Yniysey" {rPois rF+ MR+++ Dex-2 SInv}
MPRegen  0.12/turn              x - +5 ring of protection

@: heavily drained
A: no striking features
}: 2/15 runes: decaying, gossamer
a: Berserk, Trog's Hand, Brothers in Arms, Renounce Religion


You were on level 3 of the Crypt.
You worshipped Trog.
Trog was exalted by your worship.
You were not hungry.

You visited 8 branches of the dungeon, and saw 39 of its levels.
You also visited: Ice Cave and Desolation.

You collected 4314 gold pieces.
You spent 2633 gold pieces at shops.

Inventory:

Hand Weapons
 a - a +4 executioner's axe of flaming
   (Trog gifted it to you on level 13 of the Dungeon)
 b - a +7 antimagic battleaxe (weapon)
   (Trog gifted it to you on level 2 of the Crypt)
 B - a +4 blowgun
Missiles
 j - 8 poisoned javelins (quivered)
 G - 5 needles of confusion
 H - 3 needles of paralysis
 K - 21 curare-tipped needles
 Z - 2 throwing nets {!f}
Armour
 d - a +4 plate armour of magic resistance (worn)
   (You bought it in a shop on level 6 of the Dungeon)
 g - a +1 pair of gloves of dexterity (worn)
   (You acquired it on level 1 of the Lair of Beasts)
 D - the +0 helmet of Duk Irih (worn) {rElec Dex+7 Stlth-}
   (You found it in the Desolation of Salt)

   It affects your dexterity (+7).
   It insulates you from electricity.
   It makes you less stealthy.
 J - a +1 pair of boots of stealth (worn)
   (You found it in the Desolation of Salt)
 O - the +1 cloak "Xexzuu" (worn) {rC++}
   (You found it on level 6 of the Lair of Beasts)

   It greatly protects you from cold.
Jewellery
 f - an uncursed ring of protection from fire
 m - the ring "Yniysey" (left hand) {rPois rF+ MR+++ Dex-2 SInv}
   (You bought it in a shop on level 15 of the Dungeon)

   [ring of see invisible]

   It affects your dexterity (-2).
   It protects you from fire.
   It protects you from poison.
   It affects your resistance to hostile enchantments.
   It lets you see invisible.
 n - an uncursed ring of positive energy
 x - a +5 ring of protection (right hand)
 C - an uncursed ring of resist corrosion
 F - an uncursed ring of stealth
 V - an amulet of guardian spirit (around neck)
Wands
 p - a wand of enslavement (30)
 q - a wand of paralysis (61)
 w - a wand of clouds (2)
 z - a wand of digging (48)
 S - a wand of acid (16)
 T - a wand of scattershot (6)
 U - a wand of iceblast (27)
Scrolls
 i - a scroll of blinking
 s - 4 scrolls of fog
 t - 15 scrolls of remove curse
 u - 8 scrolls of identify
 v - 3 scrolls of holy word {!r}
 y - 9 scrolls of teleportation {!r}
 P - 8 scrolls of fear {!r}
 Q - a scroll of summoning {!r}
 Y - 5 scrolls of magic mapping {!r}
Potions
 k - 10 potions of curing
 l - 12 potions of heal wounds {!q}
 o - 6 potions of flight
 r - 2 potions of agility {!q}
 E - 6 potions of might {!q}
 N - 3 potions of cancellation {!q}
 R - 11 potions of haste {!q}
 X - 2 potions of invisibility {!q}
Miscellaneous
 e - a box of beasts
 h - a lamp of fire
Comestibles
 c - 81 rations


   Skills:
 - Level 22.0(18.4) Fighting
 + Level 23.6(19.9) Axes
 - Level 13.0(10.0) Throwing
 - Level 22.0(18.4) Armour
 - Level 12.0(9.1) Dodging
 + Level 14.3(11.3) Evocations


You had 22 spell levels left.
You didn't know any spells.
Your spell library was empty.

Dungeon Overview and Level Annotations

Branches:
Dungeon (15/15)            Temple (1/1) D:6            Lair (6/6) D:11
  Swamp (4/4) Lair:2       Spider (4/4) Lair:3        Slime (0/5) Lair:6
    Orc (2/2) D:9             Elf (0/3) Orc:2        Vaults (4/5) D:13
  Crypt (3/3) Vaults:2       Tomb (0/3) Crypt:3      Depths (0/5) D:15

Altars:
Ashenzari
Cheibriados
Dithmenos
Elyvilon
Fedhas
Gozag
Hepliaklqana
Kikubaaqudgha
Makhleb
Nemelex Xobeh
Okawaru
Qazlal
Ru
Sif Muna
Trog
Uskayaw
Vehumet
Wu Jian
Xom
Yredelemnul
Zin
The Shining One
Beogh
Jiyva

Shops:
D:4 (   D:6 [   D:15 :=%   Orc:2 %%!*!(   Vaults:3 [[[!?   Vaults:4 *

Portals:
Trove: Vaults:1 (give 9 potions of agility)

Annotations:
D:14 pUX: shaft passthru
D:15 vpUX: inaccessible central vault?
Crypt:2 vpUX: circular metal vault?


Message History

You hit the ancient lich but do no damage.
The ancient lich is heavily damaged.
The ancient lich casts a spell at you. The iron shot hits you!
Damage: 44 (max 44)
You hit the ancient lich but do no damage.
The ancient lich is moderately damaged.
The ancient lich casts a spell at you. The bolt of fire hits you! You resist.
* * * LOW HITPOINT WARNING * * *
Damage: 30 (max 44)
You hit the ancient lich but do no damage.
The ancient lich is moderately damaged.
You hit the ancient lich but do no damage.
The ancient lich is moderately damaged.
The ancient lich touches you but does no damage.
You hit the ancient lich.
The ancient lich's magic leaks into the air.
The ancient lich is heavily damaged.
The ancient lich touches you but does no damage.
You barely miss the ancient lich.
The ancient lich is heavily damaged.
The ancient lich barely misses you.
Unknown command.
You hit the ancient lich but do no damage.
The ancient lich is heavily damaged.
Unknown command.
You slice the ancient lich!!
The ancient lich's magic leaks into the air.
The ancient lich is severely damaged.
The ancient lich closely misses you.
You hit the ancient lich but do no damage.
The ancient lich is severely damaged.
The ancient lich touches you!
* * * LOW HITPOINT WARNING * * *
Damage: 9 (max 44)
You barely miss the ancient lich.
The ancient lich is severely damaged.
You hit the ancient lich but do no damage.
The ancient lich is severely damaged.
The ancient lich gestures at you while chanting.
The iron shot hits you!
* * * LOW HITPOINT WARNING * * *
Damage: 63 (max 63)
You completely miss the ancient lich.
The ancient lich is severely damaged.
The ancient lich touches you!
* * * LOW HITPOINT WARNING * * *
You feel drained.
You die...

.....# ♣.....#.........).....
.....# .♣
......#...............
.....#....
...♣.###.###.......###
.>...#P...
.♣...###.###.......###
######....
......#...............
......♣...
......#...............
.#.......
.P..P###.###.......###
.....##############.###.......#
#
.#...#.....'...L@...)))........
.#..##..#..###'##..⌠...........
.#...#.....#....#...####.._..##
...P###'####....#...# .....#
##...##.####....#...# .....#
....###.#<.###'##.... .⌠.⌠...
.....##.##..##..###### ......#
P...###+###..##. ##'####
....P#....##..##


You could see an ancient lich.

Vanquished Creatures
  Mennas (Vaults:4)
  the Lernaean hydra (Swamp:4)
  A tentacled monstrosity (Swamp:4)
  Rupert (D:13)
  A shard shrike skeleton (Crypt:2)
  2 liches
  3 sphinxes
  Kirke (D:15)
  2 thorn hunters (Swamp:2)
  2 frost giants
  2 revenants (Crypt:2)
  A deep elf sorcerer (Vaults:4)
  3 ghost moths (Spider:4)
  11 vault wardens
  2 orc warlords (Orc:1)
  3 curse skulls
  2 imperial myrmidons (Desolation)
  The ghost of iamserjio the Spry, a journeyman HaWn of Ashenzari (D:12)
  5 ghouls
  16 ironheart preservers
  A reaper (Crypt:3)
  A war gargoyle (D:15)
  6 stone giants
  4 entropy weavers
  3 vampire knights (Crypt:1)
  2 deep elf annihilators
  The ghost of Scuka the Bludgeoner, a journeyman GrFi of Okawaru (Lair:6)
  2 halazid warlocks (Desolation)
  A deep elf demonologist (Vaults:4)
  The ghost of TBriggs11TB the Fighter, a journeyman DrSk of Okawaru (D:13)
  2 spark wasps (Spider:4)
  3 ettins
  2 crystal guardians
  5 deep elf death magi
  2 blizzard demons (IceCv)
  10 eidola
  10 ragged hierophants (Desolation)
  A mummy priest (Crypt:3)
  3 fire dragons
  6 great orbs of eyes
  A quicksilver dragon zombie (Crypt:3)
  7 jiangshi
  Harold (D:9)
  11 yaktaur captains
  5 servants of whispers (Desolation)
  23 hydras
  2 rakshasas (D:15)
  7 vault guards
  2 ice dragons
  2 catoblepae
  A merfolk avatar (Lair:6)
  2 quicksilver dragon skeletons (Crypt:3)
  4 death knights
  7 peacekeepers (Desolation)
  14 centaur warriors
  4 deep troll earth magi
  2 deep troll shamans
  25 two-headed ogres
  14 alligators
  4 tengu warriors
  6 vampire magi
  10 ogre magi
  7 orc high priests (Orc:2)
  3 death yaks
  Urug (D:13)
  5 soul eaters
  A titan zombie (Crypt:1)
  6 spriggans
  2 deep elf knights
  5 hell knights (D:12)
  2 shadow wraiths
  3 glowing orange brains
  15 skeletal warriors
  2 unseen horrors
  A golden dragon zombie (Crypt:3)
  A glowing orange brain (shapeshifter) (D:13)
  2 anaconda zombies (Crypt:3)
  2 spriggan druids (Swamp:3)
  8 deep trolls
  12 swamp dragons
  A sea snake (Lair:5)
  2 flayed ghosts
  4 wizards
  5 deep elf archers
  A lindwurm (shapeshifter) (Vaults:1)
  15 phantasmal warriors
  14 orc knights
  11 harpies
  A shadow dragon zombie (Crypt:3)
  11 ironbrand convokers
  4 shambling mangroves
  10 necromancers
  22 orb spiders
  A frost giant zombie (Crypt:3)
  2 oklob plants (Lair:1)
  26 ugly things
  23 wolf spiders
  3 iron dragon zombies
  4 moths of wrath
  16 deep elf magi
  2 human zombies (Vaults:3)
  2 orc sorcerers
  7 cyclopes
  A stone giant skeleton (Crypt:3)
  3 stone giant zombies (Crypt:3)
  A spectral alligator (Swamp:4)
  2 manticores (D:15)
  A fire giant skeleton (Crypt:3)
  8 elephants
  2 dire elephant zombies (Crypt:3)
  2 black mambas
  Joseph (D:9)
  A shock serpent zombie (Crypt:3)
  A guardian serpent (Desolation)
  A spiny frog (shapeshifter) (Vaults:2)
  3 human skeletons (Vaults:3)
  5 torpor snails
  16 vault sentinels
  An ice statue (IceCv)
  A gargoyle (D:13)
  A storm dragon simulacrum (Vaults:3)
  16 spiny frogs
  41 yaktaurs
  A minotaur zombie (Crypt:1)
  4 kobold demonologists
  6 rime drakes
  An efreet (D:13)
  17 freezing wraiths
  8 demonic crawlers
  11 komodo dragons
  8 ice devils (IceCv)
  4 anaconda simulacra (IceCv)
  An alligator snapping turtle skeleton (Crypt:1)
  2 guardian mummies (Crypt:3)
  3 tengu conjurers
  13 hellwings (Crypt:3)
  A harpy zombie (Crypt:1)
  2 trolls (shapeshifter)
  2 golden dragon simulacra (IceCv)
  46 jumping spiders
  A hydra zombie (Crypt:3)
  5 polar bears
  A blink frog (shapeshifter) (Vaults:2)
  29 hornets
  6 trolls
  32 blink frogs
  A wolf spider simulacrum (IceCv)
  10 tyrant leeches
  A wind drake (Lair:5)
  Grinder (D:6)
  A hydra skeleton (Crypt:3)
  A meliai zombie (D:15)
  22 bog bodies
  27 slime creatures
  66 saltlings (Desolation)
  7 dream sheep (Lair:6)
  3 hippogriffs
  A satyr zombie (Crypt:2)
  3 shadows
  75 redbacks
  29 tarantellas
  4 vampires
  10 wraiths
  Sigmund (D:4)
  A black mamba zombie (Crypt:3)
  8 wyverns
  A hog (shapeshifter) (D:15)
  6 dire elephant simulacra (IceCv)
  16 yaks
  A spriggan (shapeshifter) (Vaults:4)
  4 basilisks
  A golden eye (shapeshifter) (D:15)
  4 hogs (D:15)
  14 humans (D:13)
  25 vampire mosquitoes
  4 harpy simulacra (IceCv)
  2 hungry ghosts
  13 wargs
  A faun zombie (Crypt:2)
  17 swamp worms
  2 soldier ants
  A soldier ant (shapeshifter) (Vaults:4)
  26 insubstantial wisps
  14 water moccasins
  2 acid dragons
  7 hell hounds (D:12)
  An iron troll simulacrum (IceCv)
  A two-headed ogre zombie (Crypt:1)
  A spiny frog zombie (Crypt:3)
  2 hydra simulacra (IceCv)
  6 porcupines
  2 spiny frog skeletons
  27 orc warriors
  14 swamp drakes
  3 sky beasts
  A phantom (D:8)
  2 ice beasts
  5 black bears
  A snapping turtle zombie (Crypt:3)
  A hornet zombie (Crypt:1)
  22 ogres
  6 boggarts
  6 necrophages
  12 wolves
  14 centaurs
  15 crocodiles
  A crocodile (shapeshifter) (D:13)
  5 big kobolds
  18 bullfrogs
  A wyvern zombie (D:9)
  3 gnoll sergeants
  7 wyvern skeletons
  6 scorpions
  A swamp dragon simulacrum (IceCv)
  A human simulacrum (Vaults:2)
  6 killer bees (D:10)
  8 wights
  A spriggan skeleton (Crypt:2)
  An electric eel (Spider:3)
  2 howler monkeys
  5 crimson imps
  3 draconian simulacra (IceCv)
  2 centaur zombies
  6 jellies
  A quasit (D:15)
  2 bullfrog zombies
  A soldier ant zombie (Crypt:2)
  38 orc priests
  5 hounds
  25 orc wizards
  3 bullfrog skeletons
  4 centaur skeletons
  9 iguanas
  11 worker ants
  A spriggan simulacrum (IceCv)
  An acid dragon zombie (Crypt:1)
  A tengu zombie (Crypt:3)
  2 centaur simulacra (IceCv)
  A hound zombie (D:8)
  2 hound skeletons
  A mummy (Crypt:3)
  A howler monkey zombie (D:8)
  A worker ant zombie (D:9)
  19 gnolls
  3 ogre simulacra (IceCv)
  11 adders
  6 naga simulacra (IceCv)
  5 shadow imps
  4 white imps (IceCv)
  7 ufetubi (IceCv)
  2 oozes
  A swamp drake simulacrum (Swamp:4)
  2 adder skeletons
  3 worms
  3 dart slugs
  2 leopard geckos
  92 orcs
  2 bat skeletons
  4 giant cockroaches
  6 goblins
  6 hobgoblins
  9 jackals
  16 kobolds
  2 quokkas
  3 ball pythons
  9 bats
  6 frilled lizards
  2 leopard gecko skeletons (D:4)
  6 rats
  3 fungi
  4 pillars of salt (Vaults:3)
  2 plants (Lair:1)
  3 withered plants (Crypt:3)
1863 creatures vanquished.

Vanquished Creatures (collateral kills)
  Nikola (Spider:4)
  Jory (Vaults:4)
  Jorgrun (Spider:3)
  The ghost of TheNamelessOne the Carver, an adept HuFi of Nemelex Xobeh (Swamp:4)
  An imperial myrmidon (Desolation)
  An emperor scorpion (Spider:4)
  A war gargoyle (D:13)
  Snorg (Orc:1)
  A servant of whispers (Desolation)
  A rakshasa (D:15)
  2 hydras (Swamp:4)
  A tengu warrior (D:15)
  An orc high priest (Orc:1)
  A shadow wraith (Vaults:4)
  A hell knight (D:12)
  2 swamp dragons (Swamp:4)
  A spectral hydra (Swamp:4)
  An ironbrand convoker (Desolation)
  An orc knight (Vaults:4)
  2 wolf spiders (Spider:3)
  A spectral alligator (Swamp:4)
  An orc sorcerer (Orc:1)
  A demonic crawler (Spider:3)
  A troll (Orc:1)
  2 jumping spiders (Spider:4)
  A bog body (Swamp:4)
  6 redbacks
  A spectral tyrant leech (Swamp:4)
  2 humans (D:13)
  A spectral spiny frog (Swamp:4)
  2 orc warriors (Orc:1)
  A centaur (D:15)
  A spriggan simulacrum (Swamp:4)
  A spiny frog simulacrum (Swamp:4)
  A swamp dragon simulacrum (Swamp:4)
  A komodo dragon simulacrum (Swamp:4)
  An orc wizard (Orc:1)
  2 orc priests (Orc:1)
  2 orcs (Orc:1)
52 creatures vanquished.

Vanquished Creatures (others)
  A ragged hierophant (Desolation)
  A swamp dragon (Swamp:2)
  A guardian serpent (Desolation)
  A jumping spider (Spider:3)
  2 bog bodies
  A slime creature (Swamp:3)
  2 humans (D:15)
  A boggart (D:15)
  An orc wizard (Orc:1)
  2 kobolds
  A briar patch (Swamp:2)
  A bush (Lair:6)
  23 fungi
  26 plants
  4 withered plants (Crypt:3)
68 creatures vanquished.

Grand Total: 1983 creatures vanquished

Notes
Turn   | Place    | Note
-------+----------+-------------------------------------------
     0 | D:1      | Gorice the Hill Orc Berserker began the quest for the Orb.
     0 | D:1      | Reached XP level 1. HP: 19/19 MP: 1/1
   235 | D:1      | Reached XP level 2. HP: 27/27 MP: 2/2
   472 | D:1      | Reached skill level 5 in Axes
   487 | D:1      | Reached XP level 3. HP: 32/33 MP: 3/3
   700 | D:2      | Reached ** piety under Trog
   768 | D:2      | Found a shadowy altar of Dithmenos.
   769 | D:2      | Found a basalt altar of Yredelemnul.
  1444 | D:2      | Found a glowing silver altar of Zin.
  1491 | D:2      | You fall through a shaft for 2 floors!
  1503 | D:4      | Reached skill level 3 in Armour
  1503 | D:4      | Reached XP level 4. HP: 34/40 MP: 4/4
  1538 | D:4      | Noticed Sigmund
  1560 | D:5      | Entered Level 5 of the Dungeon
  1581 | D:5      | Reached skill level 6 in Axes
  1605 | D:5      | HP: 11/40 [hound (2)]
  1610 | D:5      | HP: 10/40 [hound (1)]
  1615 | D:5      | HP: 5/40 [hound (3)]
  1616 | D:5      | Reached XP level 5. HP: 6/46 MP: 5/5
  2065 | D:5      | Reached skill level 7 in Axes
  2085 | D:5      | Reached skill level 4 in Armour
  2085 | D:5      | Reached XP level 6. HP: 26/52 MP: 6/6
  2452 | D:5      | Reached skill level 8 in Axes
  2503 | D:5      | HP: 14/52 [centaur (4)]
  2505 | D:5      | HP: 4/52 [centaur (3)]
  2507 | D:5      | Reached XP level 7. HP: 7/58 MP: 7/7
  3091 | D:5      | Reached skill level 9 in Axes
  3091 | D:5      | Reached skill level 5 in Armour
  3142 | D:4      | Killed Sigmund
  3142 | D:4      | Reached skill level 4 in Fighting
  3521 | D:4      | Reached XP level 8. HP: 65/67 MP: 8/8
  3565 | D:4      | Reached skill level 5 in Fighting
  3570 | D:4      | Reached *** piety under Trog
  3808 | D:3      | Reached skill level 6 in Armour
  4775 | D:4      | Found Namalopp's Antique Weapon Boutique.
  4820 | D:4      | Reached skill level 10 in Axes
  5339 | D:6      | Noticed Grinder
  5346 | D:6      | Paralysed by Grinder for 4 turns
  5358 | D:6      | Killed Grinder
  5358 | D:6      | Reached skill level 6 in Fighting
  5546 | D:6      | Found a bloodstained altar of Trog.
  5564 | D:6      | Reached **** piety under Trog
  5564 | D:6      | Reached skill level 7 in Armour
  5568 | D:6      | Reached XP level 9. HP: 75/78 MP: 9/9
  5769 | D:6      | Found Reopaonae's Antique Armour Shoppe.
  5776 | D:6      | Found a staircase to the Ecumenical Temple.
  5800 | Temple   | Entered the Ecumenical Temple
  6085 | D:6      | Reached skill level 7 in Fighting
  6148 | D:6      | Reached skill level 11 in Axes
  6880 | D:7      | Found a stormy altar of Qazlal.
  6912 | D:7      | Reached skill level 8 in Armour
  7105 | D:7      | Reached skill level 8 in Fighting
  7404 | D:8      | Found a glowing golden altar of the Shining One.
  7609 | D:8      | Noticed a hornet
  7627 | D:8      | Paralysed by a hornet for 3 turns
  7638 | D:8      | Killed a hornet
  7639 | D:8      | HP: 24/82 [poisoned by a hornet]
  7645 | D:8      | HP: 21/82 [poisoned by a hornet]
  7650 | D:8      | HP: 20/82 [poisoned by a hornet]
  7657 | D:8      | HP: 20/82 [poisoned by a hornet]
  7665 | D:8      | HP: 20/82 [poisoned by a hornet]
  7703 | D:8      | HP: 24/82 [worker ant (2)]
  7706 | D:8      | Reached skill level 12 in Axes
  8130 | D:8      | Noticed a two-headed ogre
  8144 | D:8      | Killed a two-headed ogre
  8144 | D:8      | Reached skill level 9 in Fighting
  8144 | D:8      | Reached skill level 9 in Armour
  8144 | D:8      | Reached XP level 10. HP: 70/91 MP: 10/10
  8353 | D:8      | Reached ***** piety under Trog
  8959 | D:9      | Noticed Joseph
  8972 | D:9      | Killed Joseph
  9103 | D:9      | Reached skill level 10 in Fighting
  9242 | D:9      | Noticed Harold
  9254 | D:9      | Killed Harold
  9254 | D:9      | Reached skill level 13 in Axes
  9254 | D:9      | Reached skill level 10 in Armour
  9292 | D:9      | Found a staircase to the Orcish Mines.
  9730 | D:10     | Entered Level 10 of the Dungeon
  9813 | D:10     | HP: 24/94 [orc wizard/puff of frost (7)]
  9816 | D:10     | Reached XP level 11. HP: 24/101 MP: 11/11
  9823 | D:10     | Received a gift from Trog
  9823 | D:10     | HP: 21/101 [orc wizard/enchanted dagger (2)]
 10498 | D:10     | Reached skill level 11 in Fighting
 11537 | D:11     | Reached skill level 14 in Axes
 11618 | D:11     | Found a sacrificial altar of Ru.
 11735 | D:11     | Reached skill level 11 in Armour
 11761 | D:11     | Noticed a brown ugly thing
 11767 | D:11     | Killed a brown ugly thing
 12142 | D:11     | Found a staircase to the Lair.
 12161 | Lair:1   | Entered Level 1 of the Lair of Beasts
 12186 | Lair:1   | Found a shimmering altar of Xom.
 12304 | Lair:1   | Noticed a seven-headed hydra
 12329 | Lair:1   | Killed a one-headed hydra
 12348 | Lair:1   | Reached skill level 12 in Fighting
 12663 | Lair:1   | Noticed an oklob plant
 12769 | Lair:1   | Reached skill level 15 in Axes
 12769 | Lair:1   | Reached XP level 12. HP: 94/113 MP: 4/12
 12827 | Lair:1   | Reached skill level 12 in Armour
 13406 | Lair:2   | Noticed a death yak
 13416 | Lair:2   | Killed a death yak
 14002 | Lair:2   | Found a staircase to the Swamp.
 14372 | Lair:1   | Reached skill level 13 in Fighting
 14943 | D:6      | Bought a runed plate armour for 728 gold pieces
 15154 | Lair:3   | Noticed an eight-headed hydra
 15170 | Lair:3   | Killed a one-headed hydra
 15193 | Lair:3   | Noticed an eight-headed hydra
 15210 | Lair:3   | Killed a two-headed hydra
 15417 | Lair:3   | Reached skill level 16 in Axes
 15424 | Lair:3   | Reached skill level 18 in Axes
 15424 | Lair:3   | Reached XP level 13. HP: 122/122 MP: 4/13
 15447 | Lair:3   | Noticed Sonja
 15448 | Lair:3   | Noticed Sonja
 15448 | Lair:3   | Sonja changed into Sonja the tengu
 15452 | Lair:3   | Noticed Sonja
 15452 | Lair:3   | Sonja the tengu changed into Sonja the rime drake
 15461 | Lair:3   | Killed Sonja the rime drake
 15583 | Lair:3   | Found a hole to the Spider Nest.
 15844 | Lair:3   | Reached skill level 13 in Armour
 16252 | Lair:4   | Reached XP level 14. HP: 83/130 MP: 4/14
 16389 | Lair:4   | Received a gift from Trog
 16508 | Lair:4   | Reached skill level 14 in Fighting
 17329 | Lair:4   | Received a gift from Trog
 17657 | Lair:5   | Reached skill level 19 in Axes
 18046 | Lair:6   | Entered Level 6 of the Lair of Beasts
 18046 | Lair:6   | Found a viscous altar of Jiyva.
 18046 | Lair:6   | Found a staircase to the Slime Pits.
 18188 | Lair:5   | Reached skill level 14 in Armour
 18967 | Lair:6   | Reached skill level 15 in Fighting
 19854 | Lair:6   | Found a runed door.
 19854 | Lair:6   | Noticed Scuka's ghost (journeyman GrFi)
 20064 | Lair:6   | Reached ****** piety under Trog
 20144 | Lair:6   | Got a spiked cloak
 20343 | Lair:6   | Identified the +1 cloak "Xexzuu" {rC++} (You found it on
                  | level 6 of the Lair of Beasts)
 20520 | Lair:6   | Reached XP level 15. HP: 141/141 MP: 5/15
 20539 | Lair:6   | Killed Scuka's ghost
 20935 | Orc:1    | Entered Level 1 of the Orcish Mines
 20942 | Orc:1    | Received a gift from Trog
 20959 | Orc:1    | Reached skill level 20 in Axes
 21008 | Orc:1    | Noticed Snorg
 21017 | Orc:1    | Killed Snorg
 21020 | Orc:1    | Noticed an orc warlord
 21033 | Orc:1    | Reached skill level 15 in Armour
 21035 | Orc:1    | Killed an orc warlord
 21045 | Orc:1    | Noticed an orc warlord
 21058 | Orc:1    | HP: 29/143 [orc warlord/great sword (14)]
 21059 | Orc:1    | Killed an orc warlord
 21059 | Orc:1    | Reached skill level 16 in Fighting
 21643 | Orc:2    | Entered Level 2 of the Orcish Mines
 21677 | Orc:2    | Reached skill level 1 in Evocations
 21679 | Orc:2    | Reached skill level 2 in Dodging
 22085 | Orc:2    | Found a staircase to the Elven Halls.
 22098 | Orc:2    | Found Qeomp's Food Shoppe.
 22203 | Orc:2    | Reached skill level 2 in Evocations
 22479 | Orc:2    | Received a gift from Trog
 22504 | Orc:2    | HP: 38/144 [orc priest/divine providence (13)]
 22875 | Orc:2    | Reached skill level 3 in Dodging
 22904 | Orc:2    | Found Vaiczitzi's Antique Weapon Emporium.
 23000 | Orc:2    | Reached skill level 3 in Evocations
 23019 | Orc:2    | Found Hucaluh's Distillery.
 23019 | Orc:2    | Found Cafut's General Store.
 23043 | Orc:2    | Found a roughly hewn altar of Beogh.
 23125 | Orc:2    | Found Zuxuet's Distillery.
 23125 | Orc:2    | Found Emoff's Food Emporium.
 23221 | Orc:2    | Bought a scroll of identify for 30 gold pieces
 23253 | Orc:2    | Bought a potion of heal wounds for 65 gold pieces
 23253 | Orc:2    | Bought a potion of heal wounds for 65 gold pieces
 23253 | Orc:2    | Bought a potion of heal wounds for 65 gold pieces
 23253 | Orc:2    | Bought a potion of haste for 130 gold pieces
 23283 | Orc:2    | Bought a potion of invisibility for 96 gold pieces
 23283 | Orc:2    | Bought a potion of resistance for 120 gold pieces
 23297 | Orc:2    | Bought a jewelled executioner's axe for 390 gold pieces
 23298 | Orc:2    | Identified the +4 executioner's axe "Trog's Anger" {pain,
                  | rPois Str-4 Int+4 Dex+2} (You bought it in a shop on level
                  | 2 of the Orcish Mines)
 23523 | D:12     | Found a runed door.
 23523 | D:12     | Noticed iamserjio's ghost (journeyman HaWn)
 23607 | D:12     | You fall through a shaft for 3 floors!
 23607 | D:15     | Entered Level 15 of the Dungeon
 23623 | D:15     | Reached skill level 4 in Evocations
 23700 | D:14     | Reached skill level 4 in Dodging
 24083 | D:13     | Reached skill level 16 in Armour
 24127 | D:13     | Noticed Rupert
 24128 | D:13     | Reached skill level 5 in Evocations
 24129 | D:13     | Noticed Urug
 24159 | D:13     | Killed Rupert
 24162 | D:13     | Received a gift from Trog
 24162 | D:13     | Reached skill level 5 in Dodging
 24166 | D:13     | Killed Urug
 24235 | D:13     | Found a gate to the Vaults.
 24238 | D:13     | Found a runed door.
 24249 | D:13     | Found a runed door.
 24256 | D:13     | Reached skill level 6 in Evocations
 24279 | D:13     | Reached XP level 16. HP: 125/151 MP: 20/20
 24317 | D:13     | Found a blossoming altar of Fedhas.
 24447 | D:13     | Found a bloodstained altar of Trog.
 24591 | D:13     | Noticed a lich
 24592 | D:13     | Noticed TBriggs11TB's ghost (journeyman DrSk)
 24914 | D:13     | Noticed a sphinx
 24918 | D:13     | Noticed a shadow dragon
 24918 | D:13     | a sphinx changed into a shadow dragon
 24922 | D:13     | Noticed a golden dragon
 24922 | D:13     | a shadow dragon changed into a golden dragon
 24927 | D:13     | HP: 32/151 [lich/iron shot (78)]
 24928 | D:13     | HP: 7/151 [lich/bolt of fire (13)]
 24929 | D:13     | Killed TBriggs11TB's ghost
 24929 | D:13     | Reached skill level 6 in Dodging
 24932 | D:13     | Noticed a caustic shrike
 24932 | D:13     | a golden dragon changed into a caustic shrike
 25299 | D:12     | Reached skill level 7 in Evocations
 25581 | D:12     | Killed iamserjio's ghost
 25708 | D:12     | HP: 25/151 [hell knight/bolt of fire (45)]
 26653 | D:13     | Killed a lich
 26653 | D:13     | Reached skill level 7 in Dodging
 26653 | D:13     | Reached skill level 8 in Evocations
 26686 | D:14     | Received a gift from Trog
 27260 | D:14     | Reached skill level 9 in Evocations
 27444 | D:15     | Reached skill level 8 in Dodging
 27444 | D:15     | Noticed Kirke
 27459 | D:15     | Killed Kirke
 27476 | D:15     | Got a bound golden ring
 27489 | D:15     | Found Emnusan's Jewellery Shop.
 27599 | D:15     | HP: 38/151 [tengu warrior/enchanted great mace (15)]
 27631 | D:15     | HP: 45/151 [centaur/uncursed flail (4)]
 27641 | D:15     | Identified the ring "Peluicw" {Str+6 Stlth+} (You found it
                  | on level 15 of the Dungeon)
 27644 | D:15     | Got a glittering platinum ring
 27777 | Lair:1   | Identified 2 scrolls of acquirement
 27795 | Lair:1   | Identified the ring "Niobet" {*Corrode *Slow Int+8 Dex+4}
                  | (You found it on level 15 of the Dungeon)
 28079 | D:15     | Found a staircase to the Depths.
 28084 | D:15     | Reached skill level 10 in Evocations
 28295 | D:15     | Received a gift from Trog
 28532 | D:15     | Reached skill level 9 in Dodging
 28532 | D:15     | Reached XP level 17. HP: 125/158 MP: 24/24
 28840 | D:15     | Received a gift from Trog
 29079 | D:15     | Noticed a sphinx
 29084 | D:15     | Killed a sphinx
 29089 | D:15     | Reached skill level 11 in Evocations
 29155 | D:15     | Got a flickering platinum ring
 29244 | D:15     | Found Zarufesm's Book Boutique.
 29410 | D:15     | Found Riunomix's Food Shop.
 29512 | D:15     | Identified the ring "Vooq Urph" {Wiz Str+8 Stlth-} (You
                  | found it on level 15 of the Dungeon)
 29665 | Swamp:1  | Entered Level 1 of the Swamp
 29903 | Swamp:1  | Reached skill level 10 in Dodging
 30472 | Swamp:1  | Received a gift from Trog
 30473 | Swamp:1  | Got a shimmering triple sword {god gift}
 30794 | Swamp:2  | Reached skill level 12 in Evocations
 30834 | Swamp:2  | Reached skill level 1 in Throwing
 31074 | Swamp:2  | Reached skill level 2 in Throwing
 31099 | Swamp:2  | Identified the +12 triple sword "Birarerch" {holy, rPois
                  | rC+ Str-4} (Trog gifted it to you on level 1 of the Swamp)
 31100 | Swamp:2  | --damn, if only I wasn't an axe maniac!
 31167 | Swamp:2  | Reached skill level 3 in Throwing
 31374 | Swamp:2  | Reached skill level 4 in Throwing
 31459 | Swamp:2  | Reached skill level 5 in Throwing
 31718 | Swamp:3  | Reached skill level 11 in Dodging
 32034 | Swamp:3  | Reached skill level 6 in Throwing
 32151 | Swamp:3  | Received a gift from Trog
 32156 | Swamp:3  | Reached XP level 18. HP: 96/166 MP: 27/27
 32450 | Swamp:3  | Reached skill level 7 in Throwing
 32454 | Swamp:3  | Paralysed by a hornet for 1 turns
 32816 | Swamp:3  | Received a gift from Trog
 33225 | D:15     | Bought the ring "Yniysey" {rPois rF+ MR+++ Dex-2 SInv} for
                  | 562 gold pieces
 33397 | Spider:1 | Entered Level 1 of the Spider Nest
 33525 | Lair:3   | Reached skill level 8 in Throwing
 33979 | Spider:2 | Found a frozen archway.
 33990 | IceCv    | Entered an ice cave
 34084 | IceCv    | Reached skill level 9 in Throwing
 34295 | IceCv    | Received a gift from Trog
 34883 | IceCv    | Received a gift from Trog
 34883 | IceCv    | Reached skill level 12 in Dodging
 35202 | IceCv    | Got a pair of transparent gloves
 35203 | IceCv    | Identified the cursed -4 pair of gloves of the Tired Moons
                  | {MR+ Regen+ Slay+2} (You found it in an ice cave)
 35290 | Spider:2 | Reached skill level 10 in Throwing
 36436 | Spider:2 | Reached skill level 11 in Throwing
 36697 | Spider:3 | Received a gift from Trog
 37001 | Spider:3 | Noticed Jorgrun
 37004 | Spider:3 | HP: 47/166 [wolf spider (3)]
 37012 | Spider:3 | Killed Jorgrun
 37399 | Spider:3 | Reached skill level 12 in Throwing
 37672 | Spider:4 | Entered Level 4 of the Spider Nest
 37782 | Spider:4 | Reached skill level 17 in Armour
 37959 | Spider:4 | Noticed Nikola
 37970 | Spider:4 | Killed Nikola
 37971 | Spider:4 | Reached XP level 19. HP: 75/172 MP: 28/28
 38177 | Spider:4 | Received a gift from Trog
 38414 | Spider:4 | Received a gift from Trog
 38489 | Spider:4 | Reached skill level 13 in Throwing
 39087 | Spider:4 | Reached skill level 18 in Armour
 39120 | Spider:4 | Received a gift from Trog
 39444 | Spider:4 | Got a gossamer rune of Zot
 39712 | Swamp:4  | Entered Level 4 of the Swamp
 40014 | Swamp:4  | Received a gift from Trog
 40071 | Swamp:4  | Noticed a tentacled monstrosity
 40085 | Swamp:4  | Killed a tentacled monstrosity
 40221 | Swamp:4  | Found a runed gate.
 40221 | Swamp:4  | Found a runed gate.
 40221 | Swamp:4  | Found a runed gate.
 40221 | Swamp:4  | Noticed TheNamelessOne's ghost (adept HuFi)
 40246 | Swamp:4  | Noticed the 27-headed Lernaean hydra
 40265 | Swamp:4  | Killed the 26-headed Lernaean hydra
 40717 | Swamp:4  | Reached skill level 19 in Armour
 40825 | Swamp:4  | Got a decaying rune of Zot
 41308 | Swamp:4  | Killed TheNamelessOne's ghost
 41517 | Vaults:1 | Entered Level 1 of the Vaults
 41526 | Vaults:1 | Received a gift from Trog
 41530 | Vaults:1 | Reached skill level 17 in Fighting
 41679 | Vaults:1 | Reached XP level 20. HP: 91/184 MP: 16/29
 41713 | Vaults:1 | HP: 49/184 [two-headed ogre/giant club (16)]
 42276 | Vaults:1 | Received a gift from Trog
 42483 | Vaults:1 | Found a portal to a secret trove of treasure.
 42692 | Vaults:1 | Reached skill level 18 in Fighting
 43033 | Vaults:1 | Reached skill level 20 in Armour
 43646 | Vaults:2 | Received a gift from Trog
 43919 | Vaults:2 | Received a gift from Trog
 44258 | Vaults:2 | Reached skill level 19 in Fighting
 44542 | Vaults:2 | Received a gift from Trog
 44972 | Vaults:2 | Found a staircase to the Crypt.
 45120 | Vaults:2 | Received a gift from Trog
 45163 | Vaults:2 | Reached XP level 21. HP: 113/198 MP: 22/30
 45683 | Vaults:3 | Found a ruined gateway.
 45700 | Desolati | Entered the Desolation of Salt
 45761 | Desolati | Received a gift from Trog
 45804 | Desolati | Reached skill level 21 in Armour
 45837 | Desolati | Got a bloodstained helmet
 45839 | Desolati | Identified the Incunabulum of Stones and the Snowflakes
 45853 | Desolati | Identified the +0 helmet of Duk Irih {rElec Dex+7 Stlth-}
                  | (You found it in the Desolation of Salt)
 46151 | Desolati | HP: 60/200 [saltling[a halazid warlock] (5)]
 46157 | Desolati | HP: 59/200 [poisoned by a guardian serpent (bolt of
                  | poison)]
 46162 | Desolati | HP: 59/200 [poisoned by a guardian serpent (bolt of
                  | poison)]
 46183 | Desolati | HP: 58/200 [crystal guardian (5)]
 46190 | Desolati | HP: 56/200 [crystal guardian (2)]
 46461 | Desolati | Found the +3 sling "Punk" {acid, rCorr}
 46544 | Desolati | Received a gift from Trog
 46575 | Desolati | Reached skill level 20 in Fighting
 46771 | Desolati | Got a slimy copper ring
 46795 | Desolati | Identified the +5 chain mail of Resourcefulness {*Drain
                  | +Fly rF+ Str+10} (You found it in the Desolation of Salt)
 47143 | Vaults:3 | Identified the ring of Atheism {rPois MP+9 Dex+4 Slay+2}
                  | (You found it in the Desolation of Salt)
 47350 | Vaults:3 | Found Menwi's Antique Armour Shop.
 47358 | Vaults:3 | Bought a pair of glowing gloves for 292 gold pieces
 47379 | Vaults:3 | Found Uteok's Antique Armour Boutique.
 47446 | Vaults:3 | Found Pasafrite's Distillery.
 47449 | Vaults:3 | Bought a potion of heal wounds for 90 gold pieces
 47471 | Vaults:3 | Found Vohocapi's Armour Emporium.
 47487 | Vaults:3 | Received a gift from Trog
 47836 | Vaults:2 | HP: 29/202 [deep elf annihilator/crystal spear[an ironheart
                  | preserver] (35)]
 48308 | Vaults:3 | Found Voyv's Magic Scroll Shop.
 48571 | Vaults:3 | Reached skill level 22 in Armour
 48635 | Vaults:3 | Received a gift from Trog
 48721 | Vaults:3 | Reached skill level 21 in Fighting
 48741 | Vaults:3 | Received a gift from Trog
 49051 | Vaults:4 | Reached XP level 22. HP: 210/213 MP: 31/31
 49372 | Vaults:4 | Found Ojyir's Assorted Antiques.
 49372 | Vaults:4 | Noticed Jory
 49400 | Vaults:4 | Killed Jory
 50114 | Vaults:4 | Received a gift from Trog
 50154 | Vaults:4 | Reached skill level 21 in Axes
 50371 | Vaults:4 | Received a gift from Trog
 50477 | Vaults:4 | Noticed Mennas
 50515 | Vaults:4 | Killed Mennas
 50515 | Vaults:4 | Reached skill level 22 in Fighting
 50726 | Vaults:4 | Received a gift from Trog
 51157 | Crypt:1  | Entered Level 1 of the Crypt
 51205 | Crypt:1  | Received a gift from Trog
 51205 | Crypt:1  | Reached skill level 22 in Axes
 52700 | Crypt:2  | Reached XP level 23. HP: 154/223 MP: 9/32
 52709 | Crypt:2  | HP: 65/223 [jiangshi[a vampire mage] (14)]
 53186 | Crypt:2  | Reached skill level 13 in Evocations
 53222 | Crypt:2  | Received a gift from Trog
 53230 | Crypt:2  | HP: 63/223 [flayed ghost/flay_damage (28)]
 54476 | Crypt:3  | Entered Level 3 of the Crypt
 54515 | Crypt:3  | HP: 66/223 [eidolon (3)]
 54517 | Crypt:3  | HP: 28/223 [eidolon/bolt of negative energy (21)]
 54519 | Crypt:3  | HP: 11/223 [phantasmal warrior (18)]
 54521 | Crypt:3  | Reached skill level 23 in Axes
 55598 | Crypt:3  | Received a gift from Trog
 55598 | Crypt:3  | Reached skill level 14 in Evocations
 55694 | Crypt:3  | Received a gift from Trog
 56316 | Crypt:3  | Found a staircase to the Tomb.
 56400 | Crypt:3  | Found an ancient bone altar of Kikubaaqudgha.
 56735 | Crypt:3  | Noticed an ancient lich
 56793 | Crypt:3  | HP: 17/223 [ancient lich/iron shot (63)]
 56794 | Crypt:3  | HP: 4/223 [ancient lich (13)]
 56794 | Crypt:3  | Slain by an ancient lich

Vault maps used:
D:1:      minmay_arrival_stone_box, minmay_misc_feat_plants
D:2:      zin_treasury, grunt_temple_overflow_open, serial_co_window_serial,
          co_window_paths_a, co_window_corner_a, co_window_corner_a,
          co_window_paths_a, co_window_paths_a, co_window_corner_a,
          co_window_paths_a, co_window_corner_a, co_window_paths_a,
          co_window_broadway_c, co_window_broadway_c, co_window_paths_c,
          co_window_unsneaky_path_e, glass_columns_a, glass_columns_a,
          minmay_misc_feat_four_crosses
D:4:      serial_shops, kennysheep_mini_moat, minmay_fountain_box, uniq_sigmund
D:5:      first_ration
D:6:      trog_ov_bears_minmay, minmay_temple_entry_mist, serial_shops,
          shop_statue, eino_small_chamber_without_monster, uniq_grinder
D:7:      grunt_qazlal_clouds
D:8:      kennysheep_mini, hangedman_pestilent_swarm
D:9:      orc_0_dummy, uniq_joseph, uniq_harold
D:10:     nooodl_orcs_dogs
D:11:     minmay_distorted_concentric_squares, grunt_lair_entry_orc_guard_hut,
          nicolae_ru_sacrificial_ziggurat
D:12:     hellmonk_ghost_happy_afterlife, minmay_rotating_lava
D:13:     david_vaults_3, muffindrake_ghost_dual_entry, basic_altar,
          hangedman_decor_lopped, fedhas_bush_and_centaur_altar
D:14:     minmay_misc_feat_nine_boxes, hangedman_abyss_or_decor_passed,
          minmay_evil_grid
D:15:     hangedman_spin_cycle
Temple:   nicolae_temple_elliptical
Lair:1:   basic_altar, st_stairs_6, minmay_lair_oklob_chamber
Lair:2:   minmay_swamp_entry_reptiles
Lair:3:   spider_nest_entry_rubble, uniq_sonja
Lair:5:   enter_volcano_4, lemuel_fruit_tree, lemuel_fruit_fields
Lair:6:   gammafunk_lair_ancient_temple, slime_altar_1,
          ebering_ghost_inner_flame
Swamp:1:  evilmike_swamp_ruin_rubble_1, swamp_pool4, hangedman_swamp_ravenous
Swamp:2:  evilmike_swamp_ruin_house_5, swamp_pool2
Swamp:3:  evilmike_swamp_ruin_rubble_2, swamp_pool3, uniq_kirke
Swamp:4:  grunt_swamp_rune_castle, gammafunk_ghost_necromancy
Spider:2: portal_ice_cave_entry_pillars_four
Spider:3: uniq_jorgrun
Spider:4: spider_rune_water, uniq_nikola
Orc:1:    elf_legates, uniq_snorg
Orc:2:    st_orc_town, serial_shops, nicolae_shop_stone,
          nicolae_shop_statue_plus
Vaults:1: grunt_vaults_hallway_short, vaults_room_door_hall,
          nicolae_vaults_network_barrier, v_misc_30, v_misc_22,
          nicolae_vaults_twisting_passages, v_misc_14, nicolae_vaults_gold_heap,
          v_alt_pattern_4, v_alt_pattern_1, vaults_mumra_chevron_long,
          ontoclasm_vaults_ligature, v_misc_5, hangedman_vaults_nails,
          nicolae_trove_entry_crossroad
Vaults:2: vaults_room_corners, v_misc_15, vaults_dpeg_hooks,
          hangedman_vaults_unwind, v_pattern_2, ontoclasm_vaults_claustrophobia,
          ontoclasm_vaults_idyll, vaults_room_stairs_pillars,
          hangedman_vaults_stagger, nicolae_vaults_theta,
          nicolae_vaults_alarming
Vaults:3: vaults_room_door_hall, hangedman_vaults_capsules, v_pattern_5,
          hangedman_vaults_river_flow, nicolae_vaults_yaktaur_gun_rack,
          serial_shops, shop_scrolls, nicolae_shop_behind_doors, shop, shop,
          shop, portal_desolation_entry_garden
Vaults:4: ontoclasm_vaults_idyll, vaults_mumra_hexcomb,
          ontoclasm_vaults_decontamination, vaults_mumra_minichess_inversion,
          v_misc_2, v_misc_22, nicolae_vaults_border_crossing, v_alt_pattern_1,
          v_rooms_4, nicolae_vaults_little_squares_5,
          hangedman_vaults_stretched_pinwheel, ontoclasm_vaults_chip,
          ontoclasm_vaults_gateway, serial_shops, shop, uniq_jory, uniq_mennas
Crypt:1:  roderic_lattice_octagonal_star, grunt_megastairs_2
Crypt:2:  minmay_large_rounded_square
Crypt:3:  evilmike_haunted_forest
IceCv:    ice_cave_caverns_01

Skill      XL: |  1  2  3  4  5  6  7  8  9 10 11 12 13 14 15 16 17 18 19 20 21 22 23 |
---------------+----------------------------------------------------------------------+-----
Axes           | 5 6 7 8 9 10 12 13 15 18 19 20 22 23 | 23.6
Armour         | 3 4 5 7 9 10 11 12 13 14 16 17 19 20 22 | 22.0
Fighting       | 4 6 9 10 12 13 15 16 17 19 21 22 | 22.0
Evocations     | 6 10 12 14 | 14.3
Dodging        | 5 9 11 12 | 12.0
Throwing       | 6 12 13 | 13.0

Action                   |  1- 3 |  4- 6 |  7- 9 | 10-12 | 13-15 | 16-18 | 19-21 | 22-24 || total
-------------------------+-------+-------+-------+-------+-------+-------+-------+-------++-------
Melee: Hand axe          |    87 |   117 |   120 |    26 |    40 |       |       |       ||   390
       War axe           |       |       |   433 |   207 |       |       |       |       ||   640
       Battleaxe         |       |       |       |   407 |  1058 |  1735 |  1634 |  1008 ||  5842
       Executioner's axe |       |       |       |       |       |       |       |    76 ||    76
 Fire: Blowgun           |       |       |     3 |       |     3 |     1 |       |       ||     7
Throw: Stone             |       |     4 |    15 |       |       |       |       |       ||    19
       Tomahawk          |       |       |    25 |    25 |    24 |   109 |    55 |       ||   238
       Javelin           |       |       |     2 |       |       |       |       |     8 ||    10
       Throwing net      |       |       |       |       |     1 |       |       |       ||     1
Invok: Berserk           |       |     3 |     3 |     1 |     3 |       |       |       ||    10
       Brothers in Arms  |       |       |       |       |     3 |     7 |     7 |     4 ||    21
Evoke: Wand              |       |       |     1 |       |    10 |     7 |     2 |     1 ||    21
       Lightning rod     |       |       |       |       |       |     4 |       |       ||     4
  Use: Scroll            |     1 |       |    13 |    11 |     6 |    18 |     5 |     1 ||    55
       Potion            |       |       |       |     1 |       |     6 |     1 |     1 ||     9
 Stab: Held in net/web   |       |       |       |       |     1 |     1 |       |       ||     2
       Distracted        |       |       |       |       |       |     2 |     2 |       ||     4
  Eat: Chunk             |       |     4 |    17 |    24 |    33 |    37 |    37 |    13 ||   165
       Ration            |       |     1 |     1 |     1 |       |     3 |     1 |     5 ||    12
Armor: Animal skin       |     1 |       |       |       |       |       |       |       ||     1
       Chain mail        |    43 |    84 |   258 |   101 |       |       |       |       ||   486
       Plate armour      |       |       |       |   185 |   533 |  1057 |  1059 |   718 ||  3552
Dodge: Dodged            |    30 |    63 |   184 |   204 |   417 |   947 |   954 |   693 ||  3492
Block: Other             |       |       |    47 |   126 |   221 |   354 |    30 |       ||   778
       Reflection        |       |       |     3 |     4 |     7 |     7 |       |       ||    21

Table legend:
 A = Non-vault XP
 B = Vault XP
 C = Vault XP percentage of total XP
 D = Non-vault monster count
 E = Vault monster count
 F = Vault count percentage of total count
                 A         B        C        D         E       F
            +---------+---------+-------+---------+---------+-------
      Total |  414852 |  347811 |  45.6 |    1204 |     706 |  37.0
            +---------+---------+-------+---------+---------+-------
        D:1 |      36 |       0 |   0.0 |      24 |       0 |   0.0
        D:2 |      26 |       0 |   0.0 |      11 |       0 |   0.0
        D:3 |     228 |       0 |   0.0 |      33 |       0 |   0.0
        D:4 |     504 |     212 |  29.6 |      26 |       1 |   3.7
        D:5 |     763 |       0 |   0.0 |      27 |       0 |   0.0
        D:6 |     347 |     528 |  60.3 |      12 |       3 |  20.0
        D:7 |    1063 |       0 |   0.0 |      21 |       0 |   0.0
        D:8 |    2011 |     510 |  20.2 |      26 |       4 |  13.3
        D:9 |     829 |    1458 |  63.8 |      21 |       2 |   8.7
       D:10 |     881 |    1134 |  56.3 |      19 |      12 |  38.7
       D:11 |    2019 |     859 |  29.8 |      16 |       7 |  30.4
       D:12 |    4402 |    7524 |  63.1 |      25 |      15 |  37.5
       D:13 |    7748 |   14695 |  65.5 |      36 |      29 |  44.6
       D:14 |   11002 |    7004 |  38.9 |      36 |      11 |  23.4
       D:15 |     136 |   39565 |  99.7 |       1 |      69 |  98.6
     Lair:1 |    6041 |    1282 |  17.5 |      24 |       3 |  11.1
     Lair:2 |    3141 |     890 |  22.1 |      14 |       4 |  22.2
     Lair:3 |    8897 |     589 |   6.2 |      28 |       2 |   6.7
     Lair:4 |   11201 |       0 |   0.0 |      35 |       0 |   0.0
     Lair:5 |    4473 |    1801 |  28.7 |      16 |       5 |  23.8
     Lair:6 |   12082 |    9555 |  44.2 |      44 |      22 |  33.3
    Swamp:1 |   13217 |    4031 |  23.4 |      45 |      13 |  22.4
    Swamp:2 |   16874 |       0 |   0.0 |      36 |       0 |   0.0
    Swamp:3 |   17618 |       0 |   0.0 |      48 |       0 |   0.0
    Swamp:4 |   16077 |   23405 |  59.3 |      42 |      44 |  51.2
   Spider:1 |    5458 |       0 |   0.0 |      18 |       0 |   0.0
   Spider:2 |   16763 |       0 |   0.0 |      51 |       0 |   0.0
   Spider:3 |   16113 |    1747 |   9.8 |      52 |       1 |   1.9
   Spider:4 |   18656 |   22867 |  55.1 |      54 |      44 |  44.9
      Orc:1 |    1431 |    6468 |  81.9 |      15 |      12 |  44.4
      Orc:2 |    4486 |    6975 |  60.9 |      31 |      59 |  65.6
   Vaults:1 |   33150 |   21783 |  39.7 |      46 |      32 |  41.0
   Vaults:2 |   45322 |   11551 |  20.3 |      62 |      17 |  21.5
   Vaults:3 |   25808 |   13702 |  34.7 |      54 |      19 |  26.0
   Vaults:4 |   48319 |   32465 |  40.2 |      74 |      27 |  26.7
    Crypt:1 |   28113 |    1713 |   5.7 |      44 |       2 |   4.3
    Crypt:2 |   29617 |       0 |   0.0 |      37 |       0 |   0.0
    Crypt:3 |       0 |   50861 | 100.0 |       0 |      87 | 100.0
      IceCv |       0 |   10945 | 100.0 |       0 |      60 | 100.0
 Desolation |       0 |   51692 | 100.0 |       0 |     100 | 100.0
            +---------+---------+-------+---------+---------+-------

Table legend:
 A = Turns spent in this place as a percentage of turns spent in the entire game.
 B = Non-inter-level travel turns spent in this place as a percentage of non-inter-level travel turns spent in the entire game.
 C = Inter-level travel turns spent in this place as a percentage of turns spent in this place.
 D = Turns resting spent in this place as a percentage of non-inter-level travel turns spent in this place.
 E = Turns spent auto-exploring this place as a percentage of non-inter-level travel turns spent in this place.
 F = Non-inter-level travel turns spent in this place divided by the number of levels of this place that you've seen.
                   A       B       C       D       E      F
               +-------+-------+-------+-------+-------+----------------------
         Total | 100.0 | 100.0 |   7.5 |  30.5 |  32.8 | 1280.9
       Dungeon |  34.8 |  34.2 |   9.1 |  29.7 |  39.8 | 1198.3
        Temple |   0.3 |   0.3 |  19.3 |   0.0 |  94.9 | 138.0
          Lair |  16.3 |  15.9 |   9.8 |  32.6 |  35.4 | 1392.7
         Swamp |   9.0 |   9.4 |   4.3 |  23.4 |  38.2 | 1229.5
   Spider Nest |   8.0 |   8.3 |   4.1 |  22.3 |  29.6 | 1092.0
  Orcish Mines |   3.8 |   3.8 |   8.1 |  31.3 |  27.5 | 987.0
        Vaults |  14.0 |  13.7 |   9.5 |  27.0 |  25.8 | 1800.0
         Crypt |   9.0 |   9.4 |   3.7 |  45.3 |  26.2 | 1642.7
      Ice Cave |   2.2 |   2.4 |   0.0 |  52.4 |   3.1 | 1239.0
    Desolation |   2.5 |   2.7 |   0.0 |  28.2 |   5.3 | 1422.0
               +-------+-------+-------+-------+-------+----------------------

Vault maps used:
D:1:      minmay_arrival_stone_box, minmay_misc_feat_plants
D:2:      zin_treasury, grunt_temple_overflow_open, serial_co_window_serial,
          co_window_paths_a, co_window_corner_a, co_window_corner_a,
          co_window_paths_a, co_window_paths_a, co_window_corner_a,
          co_window_paths_a, co_window_corner_a, co_window_paths_a,
          co_window_broadway_c, co_window_broadway_c, co_window_paths_c,
          co_window_unsneaky_path_e, glass_columns_a, glass_columns_a,
          minmay_misc_feat_four_crosses
D:4:      serial_shops, kennysheep_mini_moat, minmay_fountain_box, uniq_sigmund
D:5:      first_ration
D:6:      trog_ov_bears_minmay, minmay_temple_entry_mist, serial_shops,
          shop_statue, eino_small_chamber_without_monster, uniq_grinder
D:7:      grunt_qazlal_clouds
D:8:      kennysheep_mini, hangedman_pestilent_swarm
D:9:      orc_0_dummy, uniq_joseph, uniq_harold
D:10:     nooodl_orcs_dogs
D:11:     minmay_distorted_concentric_squares, grunt_lair_entry_orc_guard_hut,
          nicolae_ru_sacrificial_ziggurat
D:12:     hellmonk_ghost_happy_afterlife, minmay_rotating_lava
D:13:     david_vaults_3, muffindrake_ghost_dual_entry, basic_altar,
          hangedman_decor_lopped, fedhas_bush_and_centaur_altar
D:14:     minmay_misc_feat_nine_boxes, hangedman_abyss_or_decor_passed,
          minmay_evil_grid
D:15:     hangedman_spin_cycle
Temple:   nicolae_temple_elliptical
Lair:1:   basic_altar, st_stairs_6, minmay_lair_oklob_chamber
Lair:2:   minmay_swamp_entry_reptiles
Lair:3:   spider_nest_entry_rubble, uniq_sonja
Lair:5:   enter_volcano_4, lemuel_fruit_tree, lemuel_fruit_fields
Lair:6:   gammafunk_lair_ancient_temple, slime_altar_1,
          ebering_ghost_inner_flame
Swamp:1:  evilmike_swamp_ruin_rubble_1, swamp_pool4, hangedman_swamp_ravenous
Swamp:2:  evilmike_swamp_ruin_house_5, swamp_pool2
Swamp:3:  evilmike_swamp_ruin_rubble_2, swamp_pool3, uniq_kirke
Swamp:4:  grunt_swamp_rune_castle, gammafunk_ghost_necromancy
Spider:2: portal_ice_cave_entry_pillars_four
Spider:3: uniq_jorgrun
Spider:4: spider_rune_water, uniq_nikola
Orc:1:    elf_legates, uniq_snorg
Orc:2:    st_orc_town, serial_shops, nicolae_shop_stone,
          nicolae_shop_statue_plus
Vaults:1: grunt_vaults_hallway_short, vaults_room_door_hall,
          nicolae_vaults_network_barrier, v_misc_30, v_misc_22,
          nicolae_vaults_twisting_passages, v_misc_14, nicolae_vaults_gold_heap,
          v_alt_pattern_4, v_alt_pattern_1, vaults_mumra_chevron_long,
          ontoclasm_vaults_ligature, v_misc_5, hangedman_vaults_nails,
          nicolae_trove_entry_crossroad
Vaults:2: vaults_room_corners, v_misc_15, vaults_dpeg_hooks,
          hangedman_vaults_unwind, v_pattern_2, ontoclasm_vaults_claustrophobia,
          ontoclasm_vaults_idyll, vaults_room_stairs_pillars,
          hangedman_vaults_stagger, nicolae_vaults_theta,
          nicolae_vaults_alarming
Vaults:3: vaults_room_door_hall, hangedman_vaults_capsules, v_pattern_5,
          hangedman_vaults_river_flow, nicolae_vaults_yaktaur_gun_rack,
          serial_shops, shop_scrolls, nicolae_shop_behind_doors, shop, shop,
          shop, portal_desolation_entry_garden
Vaults:4: ontoclasm_vaults_idyll, vaults_mumra_hexcomb,
          ontoclasm_vaults_decontamination, vaults_mumra_minichess_inversion,
          v_misc_2, v_misc_22, nicolae_vaults_border_crossing, v_alt_pattern_1,
          v_rooms_4, nicolae_vaults_little_squares_5,
          hangedman_vaults_stretched_pinwheel, ontoclasm_vaults_chip,
          ontoclasm_vaults_gateway, serial_shops, shop, uniq_jory, uniq_mennas
Crypt:1:  roderic_lattice_octagonal_star, grunt_megastairs_2
Crypt:2:  minmay_large_rounded_square
Crypt:3:  evilmike_haunted_forest
IceCv:    ice_cave_caverns_01
